 Dungeon Crawl Stone Soup version 0.23.2-1-ga50397a6bc (webtiles) character file.

Game seed: 13969347420652589638

18138 Gargoyl the Agent of Entropy (level 12, -3/100 HPs)
             Began as a Centaur Abyssal Knight on May 8, 2019.
             Was a Priest of Lugonu.
             Slain by a wyvern (8 damage)
             ... on level 3 of the Lair of Beasts.
             The game lasted 00:24:42 (18460 turns).

Gargoyl the Agent of Entropy (CeAK)                Turns: 18460, Time: 00:24:42

Health: -3/100     AC: 15    Str: 17    XL:     12   Next: 25%
Magic:  18/19      EV: 10    Int: 11    God:    Lugonu [***...]
Gold:   713        SH:  0    Dex: 15    Spells: 11/11 levels left

rFire    . . .     SeeInvis +   a - +5 hand axe
rCold    + . .     Gourm    .   (no shield)
rNeg     . . .     Faith    .   q - +0 ring mail (curse)
rPois    .         Spirit   .   (no helmet)
rElec    .         Reflect  .   r - +0 cloak
rCorr    .         Harm     .   (no gloves)
MR       .....                  f - +1 centaur barding of Emampat {Dex+3}
Stlth    ..........             (no amulet)
HPRegen  0.26/turn              C - ring of see invisible
MPRegen  0.16/turn              l - ring of protection from cold

@: very quick
A: large, hooves 3, deformed body, speed 2, tough skin 3
a: Depart the Abyss, Bend Space, Banish, Renounce Religion


You were on level 3 of the Lair of Beasts.
You worshipped Lugonu.
Lugonu was most pleased with you.
You were very hungry.

You visited 2 branches of the dungeon, and saw 15 of its levels.
You visited the Abyss 1 time.
You also visited: Ossuary.

You collected 713 gold pieces.

Inventory:

Hand Weapons
 a - a +5 hand axe (weapon)
Armour
 f - the +1 centaur barding of Emampat (worn) {Dex+3}
   (You acquired it on level 7 of the Dungeon)

   It affects your dexterity (+3).
 q - a cursed +0 ring mail (worn)
 r - a +0 cloak (worn)
Jewellery
 k - an uncursed ring of magical power
 l - a ring of protection from cold (right hand)
 C - a ring of see invisible (left hand)
Wands
 g - a wand of enslavement (13)
 p - a wand of polymorph (8)
 s - a wand of flame (28)
 t - a wand of digging (7)
 w - a wand of random effects (4)
Scrolls
 h - 4 scrolls of identify
 i - a scroll of blinking
 j - 2 scrolls of teleportation
 u - 5 scrolls of remove curse
 v - 2 scrolls of fog
 y - 3 scrolls of amnesia
 z - a scroll of fear
Potions
 b - a potion of flight
 d - a potion of haste
 e - 6 potions of curing
 m - 2 potions of might
 o - 3 potions of agility
 x - 2 potions of resistance
 A - 4 potions of berserk rage
Miscellaneous
 n - a lightning rod (1/4)
Comestibles
 c - 15 rations
 B - 2 chunks of flesh


   Skills:
 + Level 7.6 Fighting
 + Level 9.8 Axes
 * Level 8.0 Armour
 * Level 6.4 Dodging
 * Level 10.1 Invocations
 + Level 1.3 Evocations


You had 11 spell levels left.
You didn't know any spells.
Your spell library contained the following spells:

 Spells                   Type           Power        Failure   Level  Hunger
 Animate Skeleton         Necr           N/A          52%         1    ##.....
 Apportation              Tloc           #.....       52%         1    ##.....
 Confusing Touch          Hex            #.....       52%         1    ##.....
 Corona                   Hex            #......      52%         1    ##.....
 Summon Small Mammal      Summ           #...         52%         1    ##.....
 Ensorcelled Hibernation  Hex/Ice        #.....       65%         2    ###....
 Confuse                  Hex            #.......     87%         3    ####...
 Dazzling Spray           Conj/Hex       #.....       87%         3    ####...
 Tukima's Dance           Hex            #.......     87%         3    ####...


Dungeon Overview and Level Annotations

Branches:
Dungeon (9/15)             Temple (0/1) D:5            Lair (6/6) D:8
 Spider (0/4) Lair:2        Slime (0/5) Lair:5
  Swamp: Lair:2-4    Shoals: Lair:2-4       Orc: D:9-12

Altars:
Dithmenos
Hepliaklqana
Kikubaaqudgha
Okawaru
Qazlal
Sif Muna
Trog
Xom
Beogh

Annotations:
Lair:2 3 runed translucent doors, Zoluav's ghost, journeyman TrMo


Innate Abilities, Weirdness & Mutations

You have hooves in place of feet.
Armour fits poorly on your strangely shaped body.
You cover ground very quickly.
You have extremely tough skin. (AC +3)


Message History

You barely miss the wyvern. You kick the wyvern.
The wyvern is moderately wounded.
The wyvern barely misses you.
You feel better.
The wyvern bites you but does no damage.
You slash the wyvern! Your kick misses the wyvern.
The wyvern is severely wounded.
The wyvern bites you but does no damage. x2
You barely miss the wyvern.
The wyvern is severely wounded.
The wyvern bites you.
* * * LOW HITPOINT WARNING * * *
You are feeling very hungry.
You hit the wyvern but do no damage. You kick the wyvern.
The wyvern is almost dead.
The wyvern bites you but does no damage.
You barely miss the wyvern.
The wyvern is almost dead.
The wyvern bites you!
You die...

##...#.#### #...# #######
##..P### #.....P###
#####....# ### #....##
#.#### #.....# ..[..######
####...###
....#.....########...#..#
.....#.....##...@#...P.###
....##)....##..l......P.P#
...##.#....#P............#
...P................##.###
...........#...#....####
...#....P#######....#
..#.##.### ###### ...#####
..##


You could see a wyvern.

Vanquished Creatures
  Harold (D:7)
  Erica (D:8)
  A two-headed ogre (D:8)
  The ghost of Elric the Cleaver, a novice DDFi of Makhleb (D:8)
  3 elephants
  A spiny frog (Lair:2)
  2 black mambas
  A rime drake (Lair:2)
  3 komodo dragons
  2 slime creatures (Lair:5)
  Prince Ribbit (D:7)
  4 blink frogs (Lair:3)
  5 hippogriffs
  A wyvern (Lair:3)
  2 basilisks
  21 yaks
  Menkaure (D:7)
  7 water moccasins
  5 porcupines
  2 phantoms
  A sky beast (D:5)
  The ghost of DeltaSign the Covered, an amateur MiFi (D:4)
  3 black bears
  3 ice beasts
  3 ogres
  2 centaurs (D:7)
  3 crocodiles
  4 bullfrogs
  An elf zombie (Ossuary)
  3 scorpions
  2 electric eels
  2 howler monkeys (D:7)
  A crimson imp (D:5)
  2 human zombies (Ossuary)
  3 hounds
  3 jellies
  4 centaur skeletons
  4 orc priests
  Jessica (D:2)
  4 iguanas
  3 orc wizards
  8 worker ants
  3 hound zombies (Ossuary)
  2 hound skeletons
  4 mummies (Ossuary)
  2 worker ant zombies
  18 gnolls
  4 adders
  2 shadow imps
  4 adder zombies
  2 adder skeletons
  5 worms
  4 dart slugs
  4 leopard geckos
  18 orcs
  6 bats
  4 giant cockroaches
  3 hobgoblins
  20 jackals
  6 quokkas
  A ball python (D:4)
  6 frilled lizards
  9 goblins
  A goblin zombie (Ossuary)
  A hobgoblin zombie (Ossuary)
  7 kobolds
  A kobold zombie (Ossuary)
  A leopard gecko skeleton (D:6)
  A leopard gecko zombie (D:5)
  A quokka skeleton (D:8)
  8 rats
  A butterfly (Lair:1)
  4 fungi
279 creatures vanquished.

Vanquished Creatures (others)
  6 hydras
  A basilisk (Lair:4)
  An orc warrior (D:7)
  2 fungi
  5 plants (Lair:2)
15 creatures vanquished.

Grand Total: 294 creatures vanquished

Notes
Turn   | Place    | Note
-------+----------+-------------------------------------------
     0 | Abyss:1  | Gargoyl the Centaur Abyssal Knight began the quest for the
                  | Orb.
     0 | Abyss:1  | Reached XP level 1. HP: 19/19 MP: 2/2
    14 | Abyss:1  | Found a corrupted altar of Lugonu.
    62 | Abyss:1  | Noticed a large abomination
    87 | Abyss:1  | Noticed a spatial maelstrom
    88 | Abyss:1  | Noticed a thrashing horror
    91 | D:1      | Escaped the Abyss
   225 | D:1      | Reached XP level 2. HP: 17/26 MP: 3/3
   340 | D:1      | Reached * piety under Lugonu
   464 | D:1      | Reached skill level 1 in Dodging
   737 | D:1      | Reached XP level 3. HP: 28/31 MP: 4/4
  1668 | D:2      | Reached XP level 4. HP: 38/38 MP: 5/5
  1837 | D:2      | Noticed Jessica
  2062 | D:2      | Reached ** piety under Lugonu
  2197 | D:2      | Killed Jessica
  2442 | D:2      | Reached XP level 5. HP: 45/45 MP: 7/7
  2646 | D:2      | Found a deep blue altar of Sif Muna.
  3151 | D:3      | Noticed an ice beast
  3167 | D:3      | Killed an ice beast
  3167 | D:3      | Reached skill level 3 in Invocations
  3184 | D:3      | Noticed a hippogriff
  3193 | D:3      | Noticed an ogre
  3374 | D:4      | Noticed an ogre
  3376 | D:4      | Noticed a warg
  3376 | D:4      | an ogre changed into a warg
  3377 | D:4      | Noticed a water moccasin
  3377 | D:4      | a warg changed into a water moccasin
  3398 | D:4      | Killed a water moccasin
  3398 | D:4      | Reached XP level 6. HP: 38/52 MP: 8/8
  3774 | D:4      | Found an iron altar of Okawaru.
  3787 | D:4      | Found a shadowy altar of Dithmenos.
  3790 | D:4      | Found a hazy altar of Hepliaklqana.
  3804 | D:4      | Found an ancient bone altar of Kikubaaqudgha.
  3847 | D:4      | Found a shimmering altar of Xom.
  3955 | D:4      | Reached XP level 7. HP: 59/59 MP: 9/9
  4053 | D:4      | Found a runed translucent gate.
  4053 | D:4      | Found a runed translucent gate.
  4053 | D:4      | Noticed DeltaSign's ghost (amateur MiFi)
  4054 | D:4      | Found a runed translucent gate.
  4054 | D:4      | Identified the +6 dagger of Valiance {drain, MR+ Str+4
                  | Int-4 SInv}
  4055 | D:4      | Found a roughly hewn altar of Beogh.
  4580 | D:5      | Entered Level 5 of the Dungeon
  4738 | D:4      | Killed DeltaSign's ghost
  4738 | D:4      | Reached *** piety under Lugonu
  5149 | D:5      | Reached skill level 4 in Invocations
  5153 | D:5      | Reached XP level 8. HP: 43/67 MP: 11/11
  5274 | D:5      | Found a staircase to the Ecumenical Temple.
  5869 | D:6      | Reached skill level 5 in Axes
  5896 | D:6      | Found a stormy altar of Qazlal.
  6452 | D:7      | Found a sand-covered staircase.
  6463 | Ossuary  | Entered an ossuary
  6502 | Ossuary  | Reached skill level 5 in Fighting
  6788 | D:7      | Reached skill level 5 in Invocations
  6864 | D:7      | Noticed Harold
  6905 | D:7      | Killed Harold
  6905 | D:7      | Reached skill level 5 in Armour
  6905 | D:7      | Reached XP level 9. HP: 26/74 MP: 13/13
  6918 | D:7      | Reached **** piety under Lugonu
  7238 | D:7      | Noticed Menkaure
  7244 | D:7      | Killed Menkaure
  7888 | D:7      | Identified a scroll of acquirement
  7889 | D:7      | Got a steaming centaur barding
  7900 | D:7      | Identified the +1 centaur barding of Emampat {Dex+3} (You
                  | acquired it on level 7 of the Dungeon)
  8102 | D:7      | Noticed Prince Ribbit
  8115 | D:7      | Killed Prince Ribbit
  8416 | D:7      | Found a bloodstained altar of Trog.
  8451 | D:7      | Reached skill level 6 in Invocations
  9369 | D:8      | Reached XP level 10. HP: 71/83 MP: 14/14
  9376 | D:8      | Noticed a two-headed ogre
  9527 | D:8      | Noticed an elephant
  9923 | D:8      | Killed a two-headed ogre
 10270 | D:8      | Killed an elephant
 10275 | D:8      | Reached skill level 7 in Invocations
 10302 | D:8      | Reached ***** piety under Lugonu
 10302 | D:8      | Reached skill level 5 in Dodging
 10566 | D:8      | Found a staircase to the Lair.
 10633 | D:8      | Noticed Erica
 10660 | D:8      | Killed Erica
 10825 | D:8      | Found a runed translucent gate.
 10825 | D:8      | Found a runed translucent gate.
 10825 | D:8      | Found a runed translucent gate.
 10932 | D:8      | Noticed Elric's ghost (novice DDFi)
 11115 | D:8      | Killed Elric's ghost
 11370 | Lair:1   | Entered Level 1 of the Lair of Beasts
 11522 | Lair:1   | Noticed a black mamba
 11529 | Lair:1   | Killed a black mamba
 11529 | Lair:1   | Reached skill level 8 in Invocations
 11529 | Lair:1   | Reached XP level 11. HP: 73/91 MP: 17/17
 13571 | Lair:2   | Noticed a six-headed hydra
 13575 | Lair:2   | Banished a six-headed hydra
 14215 | Lair:2   | Found a runed translucent gate.
 14215 | Lair:2   | Found a runed translucent gate.
 14215 | Lair:2   | Found a runed translucent gate.
 14216 | Lair:2   | Noticed a ten-headed hydra
 14218 | Lair:2   | Noticed Zoluav's ghost (journeyman TrMo)
 14218 | Lair:2   | Noticed a ten-headed hydra
 14242 | Lair:2   | Noticed a six-headed hydra
 14243 | Lair:2   | Banished a six-headed hydra
 15037 | Lair:2   | Found a hole to the Spider Nest.
 15637 | Lair:2   | Reached skill level 1 in Evocations
 15762 | Lair:3   | Reached skill level 9 in Invocations
 16356 | Lair:3   | Noticed a six-headed hydra
 16359 | Lair:3   | Banished a six-headed hydra
 16431 | Lair:3   | Noticed a five-headed hydra
 16433 | Lair:3   | Banished a five-headed hydra
 16821 | Lair:3   | Reached XP level 12. HP: 27/100 MP: 19/19
 17549 | Lair:3   | Found a shimmering altar of Xom.
 17610 | Lair:3   | You fall through a shaft for 3 floors!
 17610 | Lair:6   | Entered Level 6 of the Lair of Beasts
 17630 | Lair:5   | Found a staircase to the Slime Pits.
 17703 | Lair:5   | Noticed a five-headed hydra
 17705 | Lair:5   | Noticed a seven-headed hydra
 17706 | Lair:5   | Banished a five-headed hydra
 17708 | Lair:5   | Banished a seven-headed hydra
 17708 | Lair:5   | Reached skill level 10 in Invocations
 18453 | Lair:3   | HP: 5/100 [wyvern (11)]
 18458 | Lair:3   | HP: 5/100 [wyvern (6)]
 18460 | Lair:3   | Slain by a wyvern

Skill      XL: |  1  2  3  4  5  6  7  8  9 10 11 12 |
---------------+-------------------------------------+-----
Dodging        | 1 2 4 5 6 |  6.4
Axes           | 2 3 4 6 7 8 9 |  9.8
Armour         | 2 3 4 5 6 7 8 |  8.0
Invocations    | 3 4 5 6 8 9 10 | 10.1
Fighting       | 4 5 6 7 |  7.6
Evocations     | 1 |  1.3

Action                   |  1- 3 |  4- 6 |  7- 9 | 10-12 || total
-------------------------+-------+-------+-------+-------++-------
Melee: Hand axe          |    98 |   174 |   365 |   609 ||  1246
       Kick              |    16 |    33 |    99 |   175 ||   323
Invok: Depart the Abyss  |     1 |       |       |       ||     1
       Bend Space        |       |       |     1 |       ||     1
       Banish            |       |       |     1 |    12 ||    13
Evoke: Wand              |       |     2 |     1 |    19 ||    22
       Lightning rod     |       |       |       |     5 ||     5
  Use: Scroll            |     4 |     7 |     6 |     8 ||    25
       Potion            |       |     2 |     5 |     7 ||    14
 Stab: Invisible         |       |       |     3 |       ||     3
  Eat: Chunk             |     1 |     7 |    12 |    12 ||    32
       Ration            |       |       |     1 |     5 ||     6
Armor: Leather armour    |    51 |    23 |       |       ||    74
       Ring mail         |       |    75 |   241 |   294 ||   610
       Skin              |       |       |     9 |    46 ||    55
Dodge: Dodged            |    52 |    83 |   184 |   210 ||   529
